 Dungeon Crawl Stone Soup version 0.25.1-9-gc5326a611f (webtiles) character file.

Game seed: 13242931514946433676

30 Descartes the Skirmisher (level 3, -3/29 HPs)
             Began as a Demonspawn Chaos Knight on Dec 30, 2020.
             Was a Plaything of Xom.
             Slain by Terence
             ... wielding a +0 flail
              (7 damage)
             ... on level 2 of the Dungeon.
             The game lasted 00:03:07 (1017 turns).

Descartes the Skirmisher (Demonspawn Chaos Knight)  Turns: 1017, Time: 00:03:07

Health: -3/29      AC:  5    Str: 12    XL:     3   Next: 5%
Magic:  3/3        EV: 11    Int: 13    God:    Xom [...*..]
Gold:   61         SH:  5    Dex: 13    Spells: 2/2 levels left

rFire    . . .     SeeInvis .   a - +0 falchion (chaos)
rCold    . . .     Gourm    .   g - +2 buckler
rNeg     . . .     Faith    .   b - +2 leather armour
rPois    .         Spirit   .   (no helmet)
rElec    .         Reflect  .   (no cloak)
rCorr    .         Harm     .   (no gloves)
MR       .....                  (no boots)
Stlth    +.........             (no amulet)
HPRegen  0.09/turn              (no ring)
MPRegen  0.08/turn              (no ring)

@: brilliant
A: spiny 1
a: Renounce Religion


You were on level 2 of the Dungeon.
You worshipped Xom.
You were a favourite toy of Xom.
You were not hungry.

You visited 1 branch of the dungeon, and saw 2 of its levels.

You collected 61 gold pieces.

Inventory:

Hand Weapons
 a - a +0 falchion of chaos (weapon)
 j - a +3 dagger
Missiles
 h - 3 stones (quivered)
Armour
 b - a +2 leather armour (worn)
 g - a +2 buckler (worn)
Scrolls
 d - a scroll of enchant armour {unknown}
 e - a scroll of noise {unknown}
 f - 2 scrolls of identify {unknown}
 l - 2 scrolls of remove curse {unknown}
Potions
 k - a potion of flight {unknown}
Comestibles
 c - 7 rations
 m - 5 chunks of flesh


   Skills:
 + Level 3.3 Fighting
 + Level 3.0 Long Blades
 + Level 2.2 Armour
 + Level 1.4 Dodging
 + Level 0.1 Shields


You had 2 spell levels left.
You didn't know any spells.
Your spell library was empty.

Dungeon Overview and Level Annotations

Branches:
Dungeon (2/15)

Altars:
Yredelemnul

Annotations:
D:2 Terence


Innate Abilities, Weirdness & Mutations

You are partially covered in sharp spines.


Message History

Terence is lightly wounded.
You block Terence's attack.
You barely miss Terence.
Terence is lightly wounded.
Terence hits you but does no damage. Terence hits you with a +0 flail.
* * * LOW HITPOINT WARNING * * *
You slash Terence!
Terence is moderately wounded.
Terence hits you but does no damage.
You completely miss Terence.
Terence is moderately wounded.
Terence closely misses you. You block Terence's attack.
Terence hits you with a +0 flail.
* * * LOW HITPOINT WARNING * * *
It was a potion of brilliance.
You feel clever all of a sudden.
Xom roars with laughter!
Terence is struck by your spines. Terence hits you with a +0 flail!
You die...
Xom titters!

#.......##.#.#.###.
#.......##.#.#.# #.
###...... .... #.#
## #.......#
##.###.### #.......#
#........# #.......#
#........## #.....#
#<........# #.@.)?#
#.......#.# #.@...#
#........_.
##.##.#[#......<#.#
#.....#.#<.....)..#
#...###.#........##
#...# #.#..#.......
#>..# #.#..#..#####
#...# #.#.....#
##...###.####..#####
#...................


You could see Terence (berserk).

Vanquished Creatures
  A dart slug (D:1)
  A ball python (D:1)
  2 giant cockroaches (D:1)
  6 hobgoblins
  2 jackals (D:1)
  3 kobolds
  2 bats (D:1)
  2 frilled lizards (D:1)
  5 goblins
  2 rats (D:1)
26 creatures vanquished.

Notes
Turn   | Place    | Note
-------+----------+-------------------------------------------
     0 | D:1      | Descartes the Demonspawn Chaos Knight began the quest for
                  | the Orb.
     0 | D:1      | Reached XP level 1. HP: 18/18 MP: 1/1
    44 | D:1      | Reached skill level 1 in Dodging
   102 | D:1      | XOM: silly message
   110 | D:1      | Gained mutation: You are partially covered in sharp spines.
                  | [demonic ancestry]
   110 | D:1      | Reached XP level 2. HP: 20/24 MP: 2/2
   136 | D:1      | XOM: silly message
   216 | D:1      | XOM: divination: magic mapping
   285 | D:1      | XOM: divination: magic mapping
   568 | D:1      | XOM: god gift: glowing dagger {god gift}
   647 | D:1      | XOM: silly message
   804 | D:1      | XOM: silly message
   853 | D:1      | XOM: noise
   885 | D:2      | Found a basalt altar of Yredelemnul.
   945 | D:2      | Reached XP level 3. HP: 29/29 MP: 3/3
  1000 | D:2      | Noticed Terence
  1017 | D:2      | Slain by Terence

Illustrated notes

Levels and vault maps discovered:
D:1:      dpeg_arrival_tiny_i, layout_loops_ring, serial_glass, glass_columns_c,
          glass_columns_b, glass_columns_a, glass_columns_a, glass_columns_a,
          due_unseen_surprise
D:2:      wad_crossroads, layout_basic, overflow_temple_1_default,
          lemuel_crystal_altar, first_ration, uniq_sigmund, uniq_terence

Skill      XL: |  1  2 |
---------------+-------+-----
Dodging        | 1 |  1.4
Armour         | 2 |  2.2
Long Blades    | 3 |  3.0
Fighting       | |  3.3
Shields        | |  0.1

Action                   || total
-------------------------++-------
Melee: Falchion          ||    72
  Use: Potion            ||     1
Armor: Leather armour    ||    22
Dodge: Dodged            ||    35
Block: Buckler           ||    10
       Rpst.: Falchion   ||    13
